 Dungeon Crawl Stone Soup version 0.24-a0-139-geb6712d (webtiles) character file.

Game seed: 12023100389577610135

81 silenth the Stinger (level 4, -2/36 HPs)
             Began as a Naga Venom Mage on Mar 3, 2019.
             Slain by a gnoll
             ... wielding a +0 spear
              (8 damage)
             ... on level 2 of the Dungeon.
             The game lasted 00:02:51 (1881 turns).

silenth the Stinger (Naga Venom Mage)               Turns: 1881, Time: 00:02:51

Health: -2/36      AC:  3    Str: 10    XL:     4   Next: 42%
Magic:  3/7        EV:  9    Int: 17    God:
Gold:   57         SH:  0    Dex: 11    Spells: 2/8 levels left

rFire    . . .     SeeInvis +   f - +0 dagger
rCold    . . .     Gourm    .   (no shield)
rNeg     . . .     Faith    .   j - +1 leather armour {rPois}
rPois    +         Spirit   .   (no helmet)
rElec    .         Reflect  .   (no cloak)
rCorr    +         Harm     .   (no gloves)
MR       .....                  (no barding)
Stlth    ++........             (no amulet)
HPRegen  0.12/turn              l - ring of resist corrosion
MPRegen  0.10/turn              (no ring)

@: short of breath, very slow
A: large, see invisible, deformed body, poison resistance, slowness 2, slow
metabolism 1, spit poison 1, AC +1
a: Spit Poison


You were on level 2 of the Dungeon.
You were hungry.

You visited 1 branch of the dungeon, and saw 2 of its levels.

You collected 57 gold pieces.

Inventory:

Hand Weapons
 f - a +0 dagger (weapon)
Armour
 a - a +0 robe
 i - a +0 shield
 j - a +1 leather armour of poison resistance (worn)
Jewellery
 l - a ring of resist corrosion (left hand)
Scrolls
 c - 3 scrolls of identify {unknown}
 h - a scroll of fog {unknown}
 k - a scroll of immolation {unknown}
Potions
 b - 2 potions of heal wounds {unknown}
 d - a potion of haste {unknown}
 g - 2 potions of lignification {unknown}
 m - a potion of flight {unknown}
Comestibles
 e - 7 rations


   Skills:
 - Level 1.5 Dodging
 + Level 4.2 Stealth
 + Level 2.5 Spellcasting
 + Level 2.0 Conjurations
 + Level 1.1 Air Magic
 + Level 4.7 Poison Magic


You had 2 spell levels left.
You knew the following spells:

 Your Spells              Type           Power        Failure   Level  Hunger
a - Sting                 Conj/Pois      ##..         6%          1    #......
b - Poisonous Vapours     Pois/Air       ##....       11%         2    ##.....
c - Mephitic Cloud        Conj/Pois/Air  ##......     26%         3    ###....

Your spell library contained the following spells:

 Spells                   Type           Power        Failure   Level  Hunger
 Magic Dart               Conj           #...         11%         1    #......
 Blink                    Tloc           N/A          36%         2    ##.....
 Call Imp                 Summ           #.......     36%         2    ##.....
 Slow                     Hex            #.......     36%         2    ##.....
 Olgreb's Toxic Radiance  Pois           ###.....     34%         4    #####..
 Conjure Flame            Conj/Fire      #.......     45%         3    ###....
 Venom Bolt               Conj/Pois      ##........   86%         5    ######.


Dungeon Overview and Level Annotations

Branches:
Dungeon (2/15)

Altars:
Xom


Innate Abilities, Weirdness & Mutations

You cannot wear boots.
Your serpentine skin is tough. (AC +1)
You have supernaturally acute eyesight. (SInv)
Armour fits poorly on your strangely shaped body.
Your system is resistant to poisons. (rPois)
You cover ground very slowly.
You have a slow metabolism.
You can spit poison.


Message History

The gnoll barely misses you.
The gnoll hits you from afar with a +0 spear.
The gnoll hits you from afar with a +0 halberd!
The gnoll hits you!
* * * LOW HITPOINT WARNING * * *
The gnoll hits you but does no damage. The gnoll barely misses you.
The gnoll hits you.
* * * LOW HITPOINT WARNING * * *
You barely miss the gnoll.
The gnoll is severely wounded.
The gnoll hits you but does no damage.
Press: ? - help, Shift-Dir - straight line, f - gnoll, p - gnoll
Aim: a gnoll, wielding a +0 spear and wearing a +0 robe The splash of poison hits the gnoll.
The gnoll is poisoned.
You kill the gnoll!
Your Conjurations skill increases to level 2!
You feel slightly more hungry.
The gnoll hits you from afar with a +0 spear!
You die...

.....+.#.##.##....).#####..
.....#.#.##.##......'.....#
.....#.#.##.##......#
.....#.#..#.##......#
.......#.##.##.....(#
..........#....###'##
#'#+#............#g#
#.#.........####.#.#
#.......###.# #@#g#
######### #.#
#[#.############## #.#
#.g..............# #.#
###.############.#
#.######.# #.# #........#
#.# ########.# #.# #.# #.#
### ###


You could see a gnoll.

Vanquished Creatures
  2 gnolls (D:2)
  2 adders (D:2)
  2 oozes
  2 dart slugs (D:2)
  A leopard gecko (D:1)
  4 ball pythons
  A giant cockroach (D:1)
  3 hobgoblins (D:2)
  A quokka (D:2)
  2 bats (D:1)
  2 frilled lizards
  3 goblins
  5 kobolds
  5 rats
35 creatures vanquished.

Notes
Turn   | Place    | Note
-------+----------+-------------------------------------------
     0 | D:1      | silenth the Naga Venom Mage began the quest for the Orb.
     0 | D:1      | Reached XP level 1. HP: 15/15 MP: 3/3
   571 | D:1      | Reached XP level 2. HP: 12/22 MP: 1/5
   787 | D:1      | Learned a level 2 spell: Poisonous Vapours
  1249 | D:2      | Reached XP level 3. HP: 25/28 MP: 4/6
  1254 | D:2      | Learned a level 3 spell: Mephitic Cloud
  1260 | D:2      | Found a shimmering altar of Xom.
  1630 | D:2      | Reached skill level 4 in Stealth
  1734 | D:2      | Reached skill level 1 in Air Magic
  1734 | D:2      | Reached XP level 4. HP: 32/36 MP: 3/7
  1881 | D:2      | Reached skill level 2 in Conjurations
  1881 | D:2      | Slain by a gnoll

Levels and vault maps discovered:
D:1:      matt_arrival_refuge, layout_loops_cross
D:2:      layout_basic, overflow_temple_1_default, grunt_ministairs_4,
          grunt_decor_cap

Skill      XL: |  1  2  3  4 |
---------------+-------------+-----
Stealth        | 4 |  4.2
Air Magic      | 1 |  1.1
Conjurations   | 2 |  2.0
Dodging        | |  1.5
Spellcasting   | |  2.5
Poison Magic   | |  4.7

Action                   |  1- 3 |  4- 6 || total
-------------------------+-------+-------++-------
Melee: Unarmed           |    33 |       ||    33
       Dagger            |    21 |     6 ||    27
 Cast: Sting             |    44 |     8 ||    52
 Abil: Spit Poison       |       |     1 ||     1
 Stab: Sleeping          |     3 |       ||     3
  Eat: Chunk             |     2 |       ||     2
Armor: Robe              |     6 |       ||     6
       Leather armour    |     2 |     4 ||     6
Dodge: Dodged            |    39 |     8 ||    47

Table legend:
 A = Non-vault XP
 B = Vault XP
 C = Vault XP percentage of total XP
 D = Non-vault monster count
 E = Vault monster count
 F = Vault count percentage of total count
                 A         B        C        D         E       F
            +---------+---------+-------+---------+---------+-------
      Total |     113 |       4 |   3.4 |      33 |       2 |   5.7
            +---------+---------+-------+---------+---------+-------
        D:1 |      30 |       0 |   0.0 |      18 |       0 |   0.0
        D:2 |      83 |       4 |   4.6 |      15 |       2 |  11.8
            +---------+---------+-------+---------+---------+-------
